AoeStats
← tapaswithtitus

Black Forest

510301747Analyzed
3v3 RM · 2d ago on Sep 30, 2026· 50m 31s· 6 players
Game mode
Random Map
Map size
Normal (6 player)
Population
200
Speed
Normal
Resources
Standard
Victory
Conquest
Starting age
Dark Age
Ending age
Imperial Age
RankedLock teamsTeams togetherTeam positionsShared explorationLock speedFull tech treeHidden civsTurbo modeCheats
Victory
Defeat
🇦🇺 Dravidians · Australia
1321
+9
🇨🇳 Varangians · China
1236
+12
🇦🇺 Britons · Australia
1198
+14
🇨🇳 Persians · China
1199
-13
🇹🇼 Ethiopians · Taiwan
1178
-13
🇹🇼 Byzantines · Taiwan
1075
-9
bluemountain
0:28 Loom
12:19 Feudal Age
18:42 Fletching
19:41 Wheelbarrow
19:12 Double-Bit Axe
21:02 Town Watch
23:05 Padded Archer Armor
25:37 Castle Age
23:46 Horse Collar
24:36 Gold Mining
25:46 Crossbowman
26:25 Bodkin Arrow
27:52 Bow Saw
27:42 Fishing Lines
28:52 Gillnets
34:26 Imperial Age
32:47 Hand Cart
33:07 Ballistics
34:16 Thumb Ring
35:28 Leather Archer Armor
36:53 Chemistry
36:07 Bracer
35:50 Arbalester
39:15 Two-Man Saw
39:44 Conscription
40:09 Ring Archer Armor
42:57 Siege Engineers
42:47 Elite Skirmisher
43:38 Heavy Plow
44:09 Murder Holes
44:46 Torsion Engines
中国足球
4:45 Loom
9:52 Feudal Age
10:28 Double-Bit Axe
12:12 Wheelbarrow
14:37 Town Watch
19:48 Castle Age
18:17 Gold Mining
18:43 Fishing Lines
20:35 Bow Saw
21:50 Light Cavalry
27:30 Stone Mining
29:03 Hand Cart
31:40 Imperial Age
30:20 Gillnets
30:18 Horse Collar
31:01 Bloodlines
30:51 Husbandry
31:34 Scale Barding Armor
32:08 Town Patrol
31:35 Capped Ram
33:21 Chain Barding Armor
32:49 Cavalier
33:41 Forging
33:25 Fletching
34:58 Gold Shaft Mining
35:02 Stone Shaft Mining
35:31 Plate Barding Armor
34:19 Savar
35:36 Iron Casting
38:18 Conscription
37:18 Elite War Elephant
39:17 Two-Man Saw
38:20 Heavy Plow
39:37 Siege Ram
42:37 Blast Furnace
43:10 Fletching
小小吸管
0:27 Loom
14:09 Feudal Age
14:32 Feudal Age
19:53 Castle Age
17:48 Double-Bit Axe
23:21 Bow Saw
26:09 Horse Collar
28:01 Gold Mining
30:48 Wheelbarrow
34:12 Imperial Age
32:46 Elite Skirmisher
33:32 Thumb Ring
33:44 Fortified Wall
33:55 Ballistics
34:34 Hand Cart
36:03 Chemistry
34:44 Treadmill Crane
35:51 Conscription
37:30 Padded Archer Armor
37:21 Fletching
38:54 Gold Shaft Mining
39:28 Leather Archer Armor
39:09 Bodkin Arrow
39:32 Logistica
41:43 Ring Archer Armor
41:13 Bracer
42:36 Two-Man Saw
43:11 Elite Cataphract
46:05 Scale Barding Armor
46:11 Forging
47:18 Husbandry
48:19 Chain Barding Armor
48:35 Iron Casting
Stophles
0:49 Loom
13:11 Feudal Age
17:49 Castle Age
15:58 Double-Bit Axe
16:10 Horse Collar
21:07 Fletching
22:03 Padded Archer Armor
22:01 Bodkin Arrow
24:05 Town Watch
26:16 Fishing Lines
27:51 Bow Saw
27:25 Horse Collar
29:23 Heavy Plow
30:43 Padded Archer Armor
32:57 Wheelbarrow
35:37 Imperial Age
34:38 Ballistics
35:12 Fortified Wall
35:15 Masonry
35:56 Elite Longbowman
36:57 Yeomen
37:03 Conscription
37:47 Chemistry
36:49 Bracer
37:05 Leather Archer Armor
36:45 Capped Ram
37:48 Hand Cart
39:53 Two-Man Saw
40:23 Caravan
42:19 Warwolf
46:43 Siege Engineers
48:42 Onager
tapaswithtitus
0:59 Loom
12:16 Feudal Age
13:10 Fishing Lines
13:26 Double-Bit Axe
21:05 Castle Age
26:25 Fletching
27:13 Gillnets
27:53 Town Watch
30:43 Bow Saw
33:34 Fortified Wall
34:10 Scale Mail Armor
34:20 Forging
35:40 Pikeman
36:20 Squires
39:27 Imperial Age
37:04 Gold Mining
37:31 Gambesons
39:04 Ballistics
39:34 Wheelbarrow
38:47 Arson
39:11 Bodkin Arrow
39:38 Horse Collar
39:39 Halberdier
43:03 Heavy Plow
43:34 Hand Cart
44:31 Bracer
45:07 Iron Casting
44:47 Chain Mail Armor
44:40 Elite Varangian Guard
47:52 Blast Furnace
47:10 Caravan
48:10 Plate Mail Armor
50:41 Padded Archer Armor
50:47 Scale Barding Armor
BrokeMate
8:21 Loom
10:41 Feudal Age
16:01 Castle Age
14:03 Double-Bit Axe
21:23 Fishing Lines
24:41 Wheelbarrow
24:30 Horse Collar
28:07 Hand Cart
27:51 Gold Mining
31:24 Imperial Age
29:13 Fletching
29:24 Padded Archer Armor
30:01 Ballistics
30:16 Bow Saw
30:40 Bodkin Arrow
31:01 Leather Archer Armor
31:17 Thumb Ring
31:38 Gillnets
33:44 Chemistry
32:47 Bracer
33:18 Ring Archer Armor
33:21 Scale Mail Armor
33:32 Forging
32:46 Pikeman
33:26 Squires
33:32 Halberdier
34:51 Elite Elephant Archer
35:56 Chain Mail Armor
37:17 Medical Corps
38:01 Plate Mail Armor
38:08 Iron Casting
38:50 Caravan
39:43 Wootz Steel
39:44 Conscription
44:36 Blast Furnace
43:58 Elite Skirmisher
Connection lost

Rejoining the realm…

Still unreachable

The connection could not be restored.

Session expired

The server has moved on; the page needs a fresh start.